 Dungeon Crawl Stone Soup version 0.28-a0-664-gc179e30c89 (webtiles) character file.

Game seed: 12899575877302754614

66 karkarkar the Shield-Bearer (level 3, -7/33 HPs)
             Began as a Minotaur Fighter on Oct 16, 2021.
             Mangled by a gnoll (12 damage)
             ... on level 2 of the Dungeon.
             The game lasted 00:03:46 (1275 turns).

karkarkar the Shield-Bearer (Minotaur Fighter)      Turns: 1275, Time: 00:03:47

Health: -7/33      AC:  7    Str: 21    XL:     3   Next: 96%
Magic:  2/2        EV:  9    Int:  5    God:
Gold:   84         SH:  4    Dex:  9    Spells: 2/2 levels left

rFire   . . .      SeeInvis .   a - +0 war axe
rCold   . . .      Faith    .   c - +0 buckler
rNeg    . . .      Spirit   .   b - +0 scale mail
rPois   +          Reflect  .   (helmet restricted)
rElec   .          Harm     .   (no cloak)
rCorr   .          Rampage  .   (no gloves)
Will    .....                   (no boots)
Stlth   ..........              (no amulet)
HPRegen 0.11/turn               i - ring of poison resistance
MPRegen 0.08/turn               (no ring)

@: no status effects
A: horns 2, retaliatory headbutt
a: no special abilities


You were on level 2 of the Dungeon.
You visited 1 branch of the dungeon, and saw 2 of its levels.

You collected 84 gold pieces.

Inventory:

Hand Weapons
 a - a +0 war axe (weapon)
Missiles
 e - 3 boomerangs (quivered)
Armour
 b - a +0 scale mail (worn)
 c - a +0 buckler (worn)
Jewellery
 i - a ring of poison resistance (left hand)
Scrolls
 f - 2 scrolls of identify
 g - a scroll of noise
 j - a scroll of fog
Potions
 d - a potion of might


   Skills:
 + Level 4.1 Fighting
 + Level 3.8 Axes
 - Level 4.0 Armour
 + Level 0.5 Dodging
 - Level 4.1 Shields


You had 2 spell levels left.
You didn't know any spells.
Your spell library was empty.

Dungeon Overview and Level Annotations

Branches:
Dungeon (2/15)

Altars:


Innate Abilities, Weirdness & Mutations

You have a pair of horns on your head.
You reflexively headbutt those who attack you in melee.


Message History

Aim: a gnoll, wielding a +0 halberd (lightly wounded, 60% to hit)
You throw a boomerang.
The boomerang hits the gnoll but does no damage.
The gnoll is almost dead.
The gnoll hits you with a +0 club. What are your orders? t - Shout!
Orders for allies: a - Attack new target. p - Attack previous target. r - Retreat! s - Stop attacking. g - Guard the area. f - Follow me.
Anything else - Cancel.
Okay, then.
The gnoll barely misses you. You furiously retaliate!
You headbutt the gnoll!
You kill the gnoll!
The gnoll closely misses you. The gnoll hits you but does no damage.
There is an open door here.
You feel much better. The gnoll hits you with a +0 flail.
The gnoll hits you from afar with a +0 halberd.
You hit the gnoll but do no damage. You headbutt the gnoll.
The gnoll is almost dead.
The gnoll hits you with a +0 flail.
The gnoll hits you from afar with a +0 halberd.
You hit the gnoll.
You kill the gnoll!
You block the gnoll's attack.
You see here a +2 short sword of venom.
The gnoll hits you with a +0 halberd!
* * * LOW HITPOINT WARNING * * *
You see here a +2 short sword of venom.
You barely miss the gnoll. Your headbutt misses the gnoll.
The gnoll is lightly wounded.
The gnoll misses you.
You barely miss the gnoll.
The gnoll is lightly wounded.
The gnoll hits you but does no damage. The gnoll closely misses you.
You slash the gnoll!
The gnoll is almost dead.
The gnoll hits you with a +0 halberd!
You die...

.##.##.# #.#.......#...#
.#.#.#.#########.##.....##.†.##
..###.............##...##.....#
.#)#.#.#########.###### ##.##.#
.##.##.# ##...##.#####.##.#
.......# #.>...#.......##.#
###.#### ##...###########.# #.#
##.## #####.# #.# #@# #.....# #.#
#g# #.###.# #.# ##)## #.# #g# #.#
##...## #[###.# #.#### ##...).##
#.##..# #.##.## ##.......##
#..#..#
#.#...####.........####.....###
#........'.........'...........
###.#...####.........####....####


You could see a gnoll.

Vanquished Creatures
  2 gnolls (D:2)
  A dart slug (D:1)
  5 ball pythons (D:1)
  2 bats (D:1)
  2 endoplasms (D:1)
  7 goblins
  8 hobgoblins
  5 kobolds
  2 quokkas
  5 rats
39 creatures vanquished.

Notes
Turn   | Place    | Note
-------+----------+-------------------------------------------
     0 | D:1      | karkarkar the Minotaur Fighter began the quest for the Orb.
     0 | D:1      | Reached XP level 1. HP: 19/19 MP: 0/0
   190 | D:1      | Found a faded altar of an unknown god.
   260 | D:1      | Reached XP level 2. HP: 24/27 MP: 1/1
   678 | D:1      | Reached XP level 3. HP: 30/33 MP: 2/2
  1275 | D:2      | Mangled by a gnoll

Illustrated notes

Levels and vault maps discovered:
D:1:      dpeg_arrival_circle_labyrinth_c, layout_basic, basic_ecumenical_altar,
          minmay_liquid_box, minmay_distorted
D:2:      kennysheep_six_static_rooms, layout_loops_corners, basic_altar,
          uniq_jessica, uniq_natasha

Skill      XL: |  1  2  3 |
---------------+----------+-----
Shields        | 4 |  4.1
Fighting       | 4 |  4.1
Axes           | 3 |  3.8
Armour         | 4 |  4.0
Dodging        | |  0.5

Action                   || total
-------------------------++-------
Melee: War axe           ||    67
       Headbutt          ||    10
Throw: Boomerang         ||     6
  Use: Scroll            ||     3
       Potion            ||     1
Armor: Scale mail        ||    26
Dodge: Dodged            ||    37
Block: Buckler           ||    21

Table legend: (Time is in decaauts)
 A = Elapsed time spent in this place.
 B = Non-inter-level travel time spent in this place.
 C = Inter-level travel time spent in this place.
 D = Time resting spent in this place.
 E = Time spent auto-exploring this place.
 F = Levels seen in this place.
 G = Mean time per level.
                   A        B        C        D        E       F      G
               +--------+--------+--------+--------+--------+-----+--------+
         Total |   1299 |   1265 |     34 |      0 |   1011 |   2 |  649.5 |
       Dungeon |   1299 |   1265 |     34 |      0 |   1011 |   2 |  649.5 |
               +--------+--------+--------+--------+--------+-----+--------+

Top non-repeatable levels by time:
     D:1: 865 daAuts
     D:2: 434 daAuts
